 Dungeon Crawl Stone Soup version 0.28-a0-751-gef3a642a4e (webtiles) character file.

Game seed: 12892718733549344194

11694 karkarkar the Severer (level 11, -11/99 HPs)
             Began as a Minotaur Fighter on Oct 30, 2021.
             Was an Elder of Okawaru.
             Mangled by a war gargoyle (21 damage)
             ... in the Arena.
             The game lasted 00:38:14 (12322 turns).

karkarkar the Severer (Minotaur Fighter)           Turns: 12322, Time: 00:38:14

Health: -11/99     AC: 12    Str: 25    XL:     11   Next: 52%
Magic:  8/15       EV:  9    Int:  5    God:    Okawaru [****..]
Gold:   735        SH:  5    Dex: 12    Spells: 10/10 levels left

rFire   + . .      SeeInvis .   b - +2 whip (flame)
rCold   . . .      Faith    .   c - +0 buckler
rNeg    . . .      Spirit   .   y - +0 plate armour
rPois   .          Reflect  .   C - +0 hat "Ichuacho" {rF+}
rElec   .          Harm     .   (no cloak)
rCorr   .          Rampage  .   e - +0 pair of gloves {Dex+3}
Will    .....                   (no boots)
Stlth   ..........              A - amulet of the acrobat
HPRegen 0.26/turn               (no ring)
MPRegen 0.14/turn               (no ring)

@: studying Axes, duelling
A: horns 2, retaliatory headbutt
a: Renounce Religion, Heroism, Finesse


You were in the Arena.
You worshipped Okawaru.
Okawaru was greatly pleased with you.
You visited 2 branches of the dungeon, and saw 11 of its levels.

You collected 735 gold pieces.

Inventory:

Hand Weapons
 a - a +0 war axe
 b - a +2 whip of flaming (weapon)
Missiles
 m - 5 boomerangs
 s - 32 poisoned darts
 I - 7 curare-tipped darts (quivered)
 J - 6 atropa-tipped darts
Armour
 c - a +0 buckler (worn)
 e - a +0 pair of gloves of dexterity (worn)
 y - a +0 plate armour (worn)
 C - the +0 hat "Ichuacho" (worn) {rF+}
   (Okawaru gifted it to you on level 10 of the Dungeon)

   rF:        It protects you from fire.
 E - +0 acid dragon scales
 G - +0 fire dragon scales
 K - a +0 cloak
Jewellery
 A - an amulet of the acrobat (around neck)
Wands
 d - a wand of acid (10)
 f - a wand of polymorph (10)
 u - a wand of flame (42)
 v - a wand of digging (7)
Scrolls
 g - 2 scrolls of enchant weapon
 p - a scroll of holy word {unknown}
 q - 2 scrolls of brand weapon
 r - 5 scrolls of teleportation
 t - 5 scrolls of noise
 z - a scroll of fog
 B - 2 scrolls of amnesia
 F - a scroll of silence
Potions
 h - 5 potions of lignification
 i - 2 potions of curing
 j - 4 potions of flight
 k - a potion of brilliance {unknown}
 l - a potion of experience {unknown}
 n - 2 potions of resistance {unknown}
 o - 2 potions of degeneration {unknown}
 w - 3 potions of berserk rage {unknown}
 x - a potion of ambrosia {unknown}
 D - 2 potions of heal wounds {unknown}
 H - 3 potions of attraction {unknown}


   Skills:
 - Level 10.0 Fighting
 * Level 15.2 Axes
 - Level 0.2(9.9) Maces & Flails
 - Level 7.8 Throwing
 - Level 3.9 Armour
 - Level 6.3 Dodging
 - Level 0.8 Stealth
 - Level 4.0 Shields
 * Level 7.3 Invocations
 + Level 2.3 Evocations


You had 10 spell levels left.
You didn't know any spells.
Your spell library contained the following spells:

 Spells                   Type           Power      Damage    Failure   Level
 Pain                     Necr           0%         1d4       100%        1
 Ensorcelled Hibernation  Hex/Ice        0%         N/A       100%        2
 Passwall                 Tmut/Erth      0%         N/A       100%        2
 Ozocubu's Armour         Ice            0%         N/A       100%        3
 Spider Form              Tmut/Pois      0%         N/A       100%        3
 Swiftness                Air            0%         N/A       100%        3
 Vampiric Draining        Necr           0%         2d6       100%        3
 Blade Hands              Tmut           0%         N/A       100%        5
 Irradiate                Conj/Tmut      0%         3d14      100%        5
 Invisibility             Hex            0%         N/A       100%        6
 Dragon Form              Tmut           0%         N/A       100%        7
 Ozocubu's Refrigeration  Ice            0%         4d5       100%        7
 Animate Skeleton         Necr           Unusable   N/A       N/A         1

Dungeon Overview and Level Annotations

Branches:
Dungeon (10/15)            Temple (1/1) D:6            Lair (0/6) D:8
    Orc (0/2) D:9

Altars:
Ashenzari
Cheibriados
Dithmenos
Elyvilon
Fedhas
Gozag
Hepliaklqana
Kikubaaqudgha
Makhleb
Nemelex Xobeh
Okawaru
Qazlal
Ru
Sif Muna
Trog
Uskayaw
Vehumet
Wu Jian
Xom
Yredelemnul
Zin
The Shining One

Shops:
D:6 *


Innate Abilities, Weirdness & Mutations

You have a pair of horns on your head.
You reflexively headbutt those who attack you in melee.


Message History

Press: ? - help, v - describe, . - travel, g - get item
Here: a sphinx Item here: a phantom mirror.
The floor.
Okay, then.
Press: ? - help, Dir - move target, f - war gargoyle
Aim: a war gargoyle, wielding a +0 great mace You enter into single combat with the war gargoyle!
The world spins around you as you enter the gateway.
You enter Okawaru's Arena!
You can no longer enter into single combat with a foe.
Okawaru will no longer gift you equipment.
The spectator shouts! x11
The war gargoyle hits you with a +0 great mace!
Found a gate leading back out of this place.
There is an empty arch of ancient stone here.
You hit the war gargoyle but do no damage.
You headbutt the war gargoyle!
The war gargoyle is lightly damaged.
The war gargoyle hits you with a +0 great mace!!
You barely miss the war gargoyle. You headbutt the war gargoyle.
The war gargoyle is lightly damaged.
The war gargoyle hits you with a +0 great mace!!
The war gargoyle launches metal splinters at you.
The spray of metal splinters misses you.
You hit the war gargoyle but do no damage.
Your headbutt misses the war gargoyle.
The war gargoyle is lightly damaged.
The war gargoyle barely misses you.
You barely miss the war gargoyle.
You headbutt the war gargoyle, but do no damage.
The war gargoyle is lightly damaged.
The war gargoyle hits you with a +0 great mace!!
* * * LOW HITPOINT WARNING * * *
You hit the war gargoyle but do no damage.
Your headbutt misses the war gargoyle.
The war gargoyle is lightly damaged.
The war gargoyle hits you with a +0 great mace!!
You die...
Okawaru crowns the war gargoyle victorious!

###########
##..p▓p▓p..##
##▓▓▓▓▓▓▓▓▓▓▓##
#.▓.........▓.#
#.▓.#.....#.▓.#
#p▓.........▓p#
#▓▓...9@....▓▓#
#∩▓....∩....▓p#
#▓▓.........▓▓#
#p▓.........▓p#
#.▓.#.....#.▓.#
#.▓.........▓.#
##▓▓▓▓▓▓▓▓▓▓▓##
##..p▓p▓p..##
###########


You could see a war gargoyle (catching breath).

Vanquished Creatures
  A hydra (D:8)
  A two-headed ogre (D:10)
  A deep elf pyromancer (D:10)
  An ugly thing (D:8)
  2 centaur zombies (D:10)
  3 trolls (D:10)
  2 wyverns (D:9)
  A shadow (D:10)
  A vampire (D:9)
  13 yaks
  Eustachio (D:5)
  An acid dragon (D:7)
  7 water moccasins
  9 orc warriors
  2 ice beasts
  A hornet zombie (D:8)
  2 black bears
  4 necrophages
  4 ogres
  5 centaurs
  3 phantoms
  A kobold brigand (D:10)
  A bullfrog (D:9)
  A wyvern zombie (D:6)
  5 scorpions
  2 water moccasin skeletons
  2 killer bees
  10 wights
  An electric eel (D:9)
  A howler monkey (D:2)
  A bullfrog zombie (D:7)
  3 jellies
  5 orc priests
  2 hounds
  A gnoll shaman (D:9)
  2 centaur skeletons
  5 iguanas
  13 orc wizards
  2 killer bee zombies
  Robin (D:3)
  3 howler monkey skeletons
  A howler monkey zombie (D:6)
  7 adders
  3 gnolls (D:9)
  2 white imps
  2 ufetubi (D:4)
  An adder skeleton (D:4)
  4 dart slugs
  45 orcs
  9 bats
  5 endoplasms
  2 giant cockroaches
  19 goblins
  11 hobgoblins
  2 quokkas
  6 ball pythons
  6 frilled lizards
  12 kobolds
  6 rats
  A spectral kobold (D:8)
271 creatures vanquished.

Vanquished Creatures (others)
  An orc wizard (D:9)
  39 fungi (D:8)
  56 plants
96 creatures vanquished.

Grand Total: 367 creatures vanquished

Notes
Turn   | Place    | Note
-------+----------+-------------------------------------------
     0 | D:1      | karkarkar the Minotaur Fighter began the quest for the Orb.
     0 | D:1      | Reached XP level 1. HP: 19/19 MP: 0/0
   152 | D:1      | Reached XP level 2. HP: 23/27 MP: 1/1
   381 | D:1      | Found a faded altar of an unknown god.
   520 | D:1      | Reached skill level 3 in Axes
   711 | D:1      | Reached XP level 3. HP: 25/33 MP: 2/2
  1172 | D:2      | Reached skill level 4 in Axes
  1172 | D:2      | Reached XP level 4. HP: 41/41 MP: 3/3
  1192 | D:2      | Found a shimmering altar of Xom.
  1618 | D:3      | Found an ornate altar of the Wu Jian Council.
  1634 | D:3      | Reached skill level 1 in Dodging
  1915 | D:3      | Found an opulent altar of Gozag.
  2241 | D:3      | Noticed Robin
  2259 | D:3      | Killed Robin
  2260 | D:3      | Reached XP level 5. HP: 47/47 MP: 4/4
  2723 | D:3      | Found a glowing golden altar of the Shining One.
  2752 | D:4      | Reached skill level 5 in Axes
  2877 | D:4      | Reached skill level 5 in Fighting
  2877 | D:4      | Reached XP level 6. HP: 56/56 MP: 5/5
  2997 | D:4      | Reached skill level 6 in Axes
  2997 | D:4      | Reached skill level 1 in Throwing
  3419 | D:4      | Reached XP level 7. HP: 61/61 MP: 6/6
  3425 | D:4      | Reached skill level 7 in Axes
  3477 | D:4      | Found a white marble altar of Elyvilon.
  3670 | D:5      | Entered Level 5 of the Dungeon
  4014 | D:5      | Reached XP level 8. HP: 70/70 MP: 7/7
  4075 | D:5      | Reached skill level 8 in Axes
  4683 | D:5      | Reached skill level 5 in Dodging
  4804 | D:6      | Noticed Eustachio
  4975 | D:5      | Killed Eustachio
  5172 | D:6      | Reached XP level 9. HP: 51/79 MP: 8/8
  5342 | D:6      | Found a sacrificial altar of Ru.
  5400 | D:6      | Found a staircase to the Ecumenical Temple.
  5415 | D:6      | Reached skill level 5 in Throwing
  5419 | D:6      | Reached skill level 9 in Axes
  5447 | Temple   | Entered the Ecumenical Temple
  5799 | Temple   | Became a worshipper of Warmaster Okawaru
  6081 | D:6      | Found Sosoa's Neck Hole.
  6312 | D:7      | Found a shadowy altar of Dithmenos.
  6570 | D:7      | Reached * piety under Okawaru
  6617 | D:7      | Found a shimmering blue altar of Sif Muna.
  6721 | D:7      | Found a bloodstained altar of Trog.
  7078 | D:7      | Identified the +2 shortbow of Disarray {vorpal, Fragile
                  | Str+8}
  7400 | D:8      | Reached skill level 1 in Invocations
  7530 | D:8      | Reached ** piety under Okawaru
  7610 | D:8      | Reached XP level 10. HP: 80/91 MP: 10/10
  7709 | D:8      | Reached skill level 10 in Axes
  7827 | D:8      | Found a staircase to the Lair.
  7829 | D:8      | Noticed a red ugly thing
  7917 | D:8      | Found a basalt altar of Yredelemnul.
  8156 | D:8      | Killed a red ugly thing
  8156 | D:8      | Reached *** piety under Okawaru
  8559 | D:8      | Found a hazy altar of Hepliaklqana.
  8820 | D:8      | Noticed a six-headed hydra
  8842 | D:8      | Killed a six-headed hydra
  8843 | D:8      | Reached skill level 10 in Fighting
  9373 | D:9      | Reached skill level 11 in Axes
  9783 | D:9      | Found a glowing silver altar of Zin.
 10118 | D:9      | Reached skill level 12 in Axes
 10297 | D:9      | Reached **** piety under Okawaru
 10370 | D:9      | Reached skill level 1 in Evocations
 10456 | D:9      | Reached skill level 5 in Invocations
 10471 | D:9      | Received a gift from Okawaru
 10478 | D:9      | Reached XP level 11. HP: 82/99 MP: 10/14
 10486 | D:9      | Reached skill level 13 in Axes
 11147 | D:9      | Found a staircase to the Orcish Mines.
 11419 | D:10     | Entered Level 10 of the Dungeon
 11455 | D:10     | Found a shimmering altar of Xom.
 11828 | D:10     | Found a stormy altar of Qazlal.
 11963 | D:10     | Noticed a two-headed ogre
 11982 | D:10     | Reached skill level 14 in Axes
 11993 | D:10     | Killed a two-headed ogre
 11993 | D:10     | Reached ***** piety under Okawaru
 12019 | D:10     | Identified the +0 hat "Ichuacho" {rF+} (Okawaru gifted it
                  | to you on level 10 of the Dungeon)
 12019 | D:10     | Received a gift from Okawaru
 12124 | D:10     | Noticed a deep elf pyromancer
 12143 | D:10     | Killed a deep elf pyromancer
 12144 | D:10     | Reached skill level 15 in Axes
 12315 | D:10     | Noticed a sphinx
 12315 | D:10     | Noticed a war gargoyle
 12316 | Arena    | Entered the Arena
 12322 | Arena    | Mangled by a war gargoyle

Illustrated notes

Levels and vault maps discovered:
D:1:      amcnicky_arrival_abandoned_market, layout_loops_ring,
          shapermc_ecumenical_altar_acropolis, hangedman_decor_points,
          dk_noncrumbling_2, minmay_tromino_v4_a
D:2:      layout_basic, basic_altar, hex_intersection,
          amcnicky_mini_corridor_feature
D:3:      layout_loops_corners, tso_oasis_becter, nicolae_wu_jian_wuxing_cycle,
          grunt_gozag_breadcrumbs, uniq_robin
D:4:      layout_gridville, elyvilon_altar_1
D:5:      layout_basic
D:6:      layout_rooms, amcnicky_altar_gilded, minmay_temple_entry_wispy,
          nicolae_shop_sticking_my_neck_out, uniq_eustachio
D:7:      layout_basic, nicolae_dithmenos_shadow_blocks,
          nicolae_sif_muna_condensation, trog_butcher_becter
D:8:      layout_loops_ring, lemuel_crystal_altar,
          nicolae_hepliaklqana_monster_ancestors, due_lair_maze_entry_diamond,
          minmay_manual_mullet
D:9:      layout_basic, zin_statuary, erik_orc_2
D:10:     minmay_the_grid_3x2 [minmay_the_grid_empty, minmay_the_grid_tree,
          minmay_the_grid_embedded, minmay_the_grid_all_tris,
          minmay_the_grid_minigrid_small_alt,
          minmay_the_grid_prize_diamond_cup], layout_loops_cross,
          mainiacjoe_overflow_concentric_impassable, kennysheep_mini,
          minmay_misc_feat_tower, water_boxes_lemuel
Temple:   compressed_dpeg_triangle_lava_temple
Arena

Skill      XL: |  1  2  3  4  5  6  7  8  9 10 11 |
---------------+----------------------------------+-----
Fighting       | 4 5 6 7 9 10 | 10.0
Shields        | 4 |  4.0
Axes           | 3 4 5 6 7 8 9 12 15 | 15.2
Dodging        | 1 2 3 4 5 6 |  6.3
Throwing       | 1 2 4 7 |  7.8
Invocations    | 1 5 7 |  7.3
Evocations     | 1 2 |  2.3
Maces & Flails | |  0.2
Armour         | |  3.9
Stealth        | |  0.8

Action                   |  1- 3 |  4- 6 |  7- 9 | 10-12 || total
-------------------------+-------+-------+-------+-------++-------
Melee: War axe           |    70 |    29 |       |       ||    99
       Headbutt          |     7 |    28 |    57 |    94 ||   186
       Whip              |       |   108 |   263 |   379 ||   750
Throw: Boomerang         |       |    18 |    22 |    43 ||    83
       Dart              |       |       |    22 |    10 ||    32
Invok: Heroism           |       |       |     1 |     6 ||     7
       Finesse           |       |       |       |     1 ||     1
       Duel              |       |       |       |     1 ||     1
Evoke: Wand              |       |       |       |     5 ||     5
  Use: Scroll            |     1 |     3 |     4 |     3 ||    11
       Potion            |       |       |     3 |     1 ||     4
Armor: Scale mail        |    33 |     5 |       |       ||    38
       Chain mail        |       |    43 |    38 |       ||    81
       Plate armour      |       |       |    83 |   120 ||   203
Dodge: Dodged            |    23 |    53 |   106 |   105 ||   287
Block: Buckler           |    18 |    22 |    51 |    67 ||   158

Table legend: (Time is in decaauts)
 A = Elapsed time spent in this place.
 B = Non-inter-level travel time spent in this place.
 C = Inter-level travel time spent in this place.
 D = Time resting spent in this place.
 E = Time spent auto-exploring this place.
 F = Levels seen in this place.
 G = Mean time per level.
                   A        B        C        D        E       F      G
               +--------+--------+--------+--------+--------+-----+--------+
         Total |  12204 |  11945 |    259 |   2229 |   7059 |  12 | 1017.0 |
       Dungeon |  11833 |  11588 |    245 |   2229 |   6728 |  10 | 1183.3 |
        Temple |    366 |    352 |     14 |      0 |    331 |   1 |  366.0 |
         Arena |      4 |      4 |      0 |      0 |      0 |   1 |    4.0 |
               +--------+--------+--------+--------+--------+-----+--------+

Top non-repeatable levels by time:
     D:9: 2162 daAuts
     D:8: 2112 daAuts
     D:5: 1441 daAuts
     D:3: 1141 daAuts
     D:1: 1065 daAuts
     D:4: 924 daAuts
     D:7: 862 daAuts
    D:10: 840 daAuts
     D:6: 714 daAuts
     D:2: 569 daAuts
  Temple: 366 daAuts
   Arena: 4 daAuts
